 Dungeon Crawl Stone Soup version 0.30-a0-652-gcc886f7154 (webtiles) character file.

Game seed: 1050430446931115476

71 Newt the Shooter (level 4, -11/29 HPs)
             Began as a Kobold Hunter on Jan 17, 2023.
             Was a Follower of Ru.
             Mangled by Crazy Yiuf
             ... wielding a +2 quarterstaff of chaos
              (16 damage)
             ... on level 2 of the Dungeon.
             The game lasted 00:01:38 (2226 turns).

Newt the Shooter (Kobold Hunter)                    Turns: 2226, Time: 00:01:38

Health: -11/29     AC:  3    Str:  8    XL:     4   Next: 47%
Magic:  4/4        EV: 14    Int: 10    God:    Ru [*.....]
Gold:   75         SH:  0    Dex: 20    Spells: 3/3 levels left

rFire   . . .      SeeInvis .    a - +0 shortbow (chaos)
rCold   . . .      Faith    .    (shield currently unavailable)
rNeg    . . .      Spirit   .    c - +0 leather armour
rPois   .          Reflect  .    (no helmet)
rElec   .          Harm     .    (no cloak)
rCorr   .          Rampage  .    (no gloves)
Will    .....                    (no boots)
Stlth   +++                      (no amulet)
HPRegen 0.24/turn                (no ring)
MPRegen 0.09/turn                (no ring)

@: no status effects
A: small, no large weapons, nightstalker 3, inability to train armour
a: Renounce Religion


You were on level 2 of the Dungeon.
You worshipped Ru.
Ru was aware of your devotion.
You visited 1 branch of the dungeon, and saw 2 of its levels.

You collected 75 gold pieces.

Inventory:

Hand Weapons
 a - a +0 shortbow of chaos (weapon)
Armour
 c - a +0 leather armour (worn)
Scrolls
 b - 2 scrolls of immolation
 i - a scroll of fog {unknown}
 k - 3 scrolls of enchant armour {unknown}
 m - a scroll of identify {unknown}
 n - a scroll of vulnerability {unknown}
Potions
 d - a potion of brilliance {unknown}
 e - 2 potions of magic {unknown}
 f - a potion of experience {unknown}
 g - a potion of resistance {unknown}
 h - a potion of invisibility {unknown}
 j - a potion of lignification {unknown}
 l - a potion of curing {unknown}


   Skills:
 - Level 4.0 Fighting
 + Level 5.7 Ranged Weapons
 - Level 2.4 Dodging
 - Level 3.0 Stealth


You had 3 spell levels left.
You didn't know any spells.
Your spell library contained the following spells:

 Spells                   Type           Power      Damage    Failure   Level
 Apportation              Tloc           0%         N/A       50%         1
 Necrotise                Necr           0%         1d4       50%         1
 Summon Small Mammal      Summ           0%         N/A       50%         1


Dungeon Overview and Level Annotations

Branches:
Dungeon (2/15)

Altars:
Elyvilon
Ru

Annotations:
D:2 Crazy Yiuf


Innate Abilities, Weirdness & Mutations

You are small and have problems with some larger weapons.
You are completely attuned to the shadows.
You cannot train Armour skill.


Message History

You shoot an arrow. The arrow hits the endoplasm!
You kill the endoplasm!
No target in view!
No target in view!
No target in view!
No target in view!
n - a scroll labelled FOPNAEGU PYSCH
Found a hammer.
No target in view!
Found a runed translucent door.
Found a hammer.
No reachable target in view!
No reachable target in view!
No reachable target in view!
No reachable target in view!
As you open the door, it creaks loudly!
Crazy Yiuf shouts!
Crazy Yiuf screams, "Gnoll!"
You shoot an arrow. The arrow hits Crazy Yiuf.
Crazy Yiuf suddenly seems more resistant.
Crazy Yiuf is lightly wounded.
You shoot an arrow. The arrow barely misses Crazy Yiuf.
Crazy Yiuf misses you.
You shoot an arrow.
The arrow hits Crazy Yiuf but does no damage.
Crazy Yiuf is lightly wounded.
Crazy Yiuf hits you with a +2 quarterstaff of chaos!
You shoot an arrow. The arrow hits Crazy Yiuf.
Crazy Yiuf is moderately wounded.
Crazy Yiuf screams, "Liver!"
Crazy Yiuf barely misses you.
You shoot an arrow. The arrow completely misses Crazy Yiuf.
Crazy Yiuf hits you with a +2 quarterstaff of chaos.
You shoot an arrow. The arrow barely misses Crazy Yiuf.
Crazy Yiuf hits you with a +2 quarterstaff of chaos!
* * * LOW HITPOINT WARNING * * *
Crazy Yiuf freezes you.
* * * LOW HITPOINT WARNING * * *
Crazy Yiuf says, "Goober foot turtle!"
Crazy Yiuf hits you with a +2 quarterstaff of chaos!
Ouch! That really hurt!
You die...

.#.####.#.#####
####.###########
.#.# #.#.# #.#
.#.# #.# #.#
.#.# #.# ###
.#.# #.#
.#.####.#
♣♣♣♣♣###
.#......# ##
♣♣♣.♣....##
.....#####
...#♣..♣......##
.........#
...g@♣♣♣♣...)..#
####.#####
)..#♣♣
♣♣.....######
####.# ##
♣♣##........
.....# #########
######


You could see Crazy Yiuf (resistant).

Vanquished Creatures
  Jessica (D:2)
  An adder (D:2)
  A worm (D:2)
  A dart slug (D:2)
  2 ball pythons (D:1)
  3 endoplasms
  2 giant cockroaches
  2 hobgoblins (D:1)
  A quokka (D:1)
  3 bats
  4 frilled lizards
  5 goblins
  3 kobolds
  2 rats (D:1)
31 creatures vanquished.

Notes
Turn   | Place    | Note
-------+----------+-------------------------------------------
     0 | D:1      | Newt the Kobold Hunter began the quest for the Orb.
     0 | D:1      | Reached XP level 1. HP: 12/12 MP: 1/1
   171 | D:1      | Found a faded altar of an unknown god.
   179 | D:1      | Prayed at the altar of an unknown god.
   179 | D:1      | Became a worshipper of Ru the Awakened
   189 | D:1      | Gained mutation: You cannot train Armour skill. [Ru
                  | sacrifice]
   189 | D:1      | Reached * piety under Ru
   296 | D:1      | Reached XP level 2. HP: 17/17 MP: 2/2
  1166 | D:2      | Noticed Jessica
  1170 | D:2      | Killed Jessica
  1171 | D:2      | Reached XP level 3. HP: 24/24 MP: 3/3
  1354 | D:2      | Reached XP level 4. HP: 5/29 MP: 4/4
  1832 | D:2      | Found a white marble altar of Elyvilon.
  2216 | D:2      | Found a runed translucent door.
  2219 | D:2      | Noticed Crazy Yiuf
  2226 | D:2      | Mangled by Crazy Yiuf

Illustrated notes

Levels and vault maps discovered:
D:1:      dpeg_arrival_snail, layout_basic, hellmonk_ecumenical_altar_blasted
D:2:      layout_basic, basic_altar, uniq_crazy_yiuf_cottage, uniq_jessica

Skill      XL: |  1  2  3  4 |
---------------+-------------+-----
Stealth        | 2 3 |  3.0
Fighting       | 3 4 |  4.0
Ranged Weapons | |  5.7
Dodging        | |  2.4

Action                   |  1- 3 |  4- 6 || total
-------------------------+-------+-------++-------
 Fire: Shortbow          |    58 |    25 ||    83
Invok: Sacrifice Durabil |     1 |       ||     1
  Use: Scroll            |     1 |     1 ||     2
Armor: Leather armour    |     7 |     2 ||     9
Dodge: Dodged            |    23 |     7 ||    30

Table legend: (Time is in decaauts)
 A = Elapsed time spent in this place.
 B = Non-inter-level travel time spent in this place.
 C = Inter-level travel time spent in this place.
 D = Time resting spent in this place.
 E = Time spent auto-exploring this place.
 F = Levels seen in this place.
 G = Mean time per level.
                   A        B        C        D        E       F      G
               +--------+--------+--------+--------+--------+-----+--------+
         Total |   2249 |   2164 |     85 |    292 |   1689 |   2 | 1124.5 |
       Dungeon |   2249 |   2164 |     85 |    292 |   1689 |   2 | 1124.5 |
               +--------+--------+--------+--------+--------+-----+--------+

Top non-repeatable levels by time:
     D:1: 1133 daAuts
     D:2: 1115 daAuts
